 Dungeon Crawl Stone Soup version 0.29.1-12-g30fa7ad0bf (webtiles) character file.

Game seed: 18199802334662431298

380 growler the Trooper (level 6, -21/53 HPs)
             Began as a Demonspawn Wanderer on Jan 15, 2023.
             Killed from afar by an acid dragon (24 damage)
             ... with a splash of acid
             ... on level 4 of the Dungeon.
             The game lasted 00:09:18 (4086 turns).

growler the Trooper (Demonspawn Wanderer)           Turns: 4086, Time: 00:09:19

Health: -21/53     AC:  7    Str: 13    XL:     6   Next: 46%
Magic:  16/16      EV: 12    Int: 16    God:
Gold:   133        SH:  4    Dex: 11    Spells: 6/7 levels left

rFire   . . .      SeeInvis .   a - +2 hand axe
rCold   . . .      Faith    .   (no shield)
rNeg    . . .      Spirit   .   d - +0 robe
rPois   .          Reflect  .   (no helmet)
rElec   .          Harm     .   b - +0 cloak
rCorr   .          Rampage  .   (no gloves)
Will    .....                   (no boots)
Stlth   +.........              (no amulet)
HPRegen 0.17/turn               m - ring of magical power
MPRegen 0.30/turn               s - +4 ring of protection

@: corroded
A: hooves 2, icemail 1, magic regeneration, condensation shield
a: no special abilities


You were on level 4 of the Dungeon.
You visited 1 branch of the dungeon, and saw 5 of its levels.

You collected 133 gold pieces.

Inventory:

Hand Weapons
 a - a +2 hand axe (weapon)
Missiles
 t - 2 throwing nets
Armour
 b - a +0 cloak (worn)
 d - a +0 robe (worn)
Jewellery
 m - a ring of magical power (left hand)
 s - a +4 ring of protection (right hand)
Scrolls
 c - 2 scrolls of fog
 e - a scroll of enchant armour {unknown}
 o - 2 scrolls of teleportation
 q - a scroll of acquirement {unknown}
 u - a scroll of poison
 v - a scroll of amnesia {unknown}
Potions
 f - 4 potions of curing
 g - a potion of brilliance {unknown}
 h - 2 potions of haste
 i - 4 potions of mutation
 k - 5 potions of degeneration
 l - 3 potions of heal wounds
 n - a potion of magic {unknown}
 p - a potion of invisibility {unknown}
 r - 2 potions of flight {unknown}


   Skills:
 + Level 6.7 Fighting
 - Level 2.6 Axes
 - Level 1.7 Armour
 - Level 1.7 Dodging
 - Level 1.0 Spellcasting
 - Level 1.0 Poison Magic


You had 6 spell levels left.
You knew the following spells:

 Your Spells              Type           Power      Damage    Failure   Level
a - Sting                 Tmut/Pois      8%         1d3       19%         1

Your spell library contained the following spells:

 Spells                   Type           Power      Damage    Failure   Level
 Sandblast                Erth           0%         2d4       22%         1
 Passwall                 Tmut/Erth      0%         N/A       34%         2
 Spider Form              Tmut/Pois      2%         N/A       50%         3
 Ignite Poison            Fire/Tmut/Pois 1%         N/A       52%         3
 Mephitic Cloud           Conj/Pois/Air  1%         N/A       52%         3
 Gell's Gravitas          Tloc           0%         N/A       56%         3
 Stone Arrow              Conj/Erth      0%         3d7       56%         3
 Teleport Other           Tloc           0%         N/A       56%         3
 Freezing Cloud           Conj/Ice/Air   0%         6-21      99%         5
 Dispersal                Tloc           0%         N/A       100%        6


Dungeon Overview and Level Annotations

Branches:
Dungeon (5/15)
 Temple: D:4-7

Altars:
Ru
Vehumet

Shops:
D:1 ([?([   D:3 !


Innate Abilities, Weirdness & Mutations

You have hoof-like feet.
A meltable icy envelope protects you from harm. (AC +4)
You regenerate magic rapidly.
A meltable shield of frost defends you. (SH +4)


Message History

The acid dragon claws you but does no damage.
The acid dragon completely misses you.
The acid dragon claws you but does no damage.
You barely miss the acid dragon.
The acid dragon is lightly wounded.
The acid dragon barely misses you. x2
You hit the acid dragon but do no damage.
The acid dragon is lightly wounded.
The acid dragon bites you! The acid dragon claws you.
Unknown command.
You hit the acid dragon but do no damage.
Your kick misses the acid dragon.
The acid dragon is lightly wounded.
The acid dragon spits acid at you. The splash of acid hits you!
Unknown command.
You hit the acid dragon. You kick the acid dragon.
The acid dragon is moderately wounded.
The acid dragon bites you. The acid dragon closely misses you.
Unknown command.
You hit the acid dragon. You kick the acid dragon.
The acid dragon is heavily wounded.
The acid dragon bites you.
The acid dragon claws you but does no damage.
The acid dragon misses you.
The acid dragon claws you but does no damage.
Unknown command.
You hit the acid dragon but do no damage.
The acid dragon is heavily wounded.
The acid dragon spits acid at you. The splash of acid hits you!
* * * LOW HITPOINT WARNING * * *
The acid corrodes you!
Unknown command.
Blink to where?
Press: ? - help, Dir - move target
As you read the scroll of blinking, it crumbles to dust.
The acid dragon spits acid at you. The splash of acid hits you!!
You die...

####### #.....# #.###.#
###########
##.#...##########.........#
...#.#.......#............#
####.#.......#............#
.###.........#.[)[..#######
<+.#.#.#######.)@...###########**
.#...#.### #..........)......,,
...#.#...# #.....[..#........,,
...#.###.#####....!....⌠.......,,
.#..........##....§...#........,,
.#.#.....##.#######D...........,,
##.##.#####(# #...÷........,,
..........#.# #............,,
###.#.###.#.# #............,,


You could see an acid dragon (catching breath).

Vanquished Creatures
  A black bear (D:3)
  A scorpion (D:4)
  A howler monkey (D:3)
  A hound (D:5)
  Jessica (D:2)
  3 adders
  3 gnolls (D:4)
  4 dart slugs
  6 orcs
  5 ball pythons
  A bat (D:1)
  9 endoplasms
  A giant cockroach (D:1)
  4 goblins
  6 hobgoblins
  4 jackals
  4 quokkas
  A ball python zombie (D:2)
  2 frilled lizards
  5 kobolds
  6 rats
69 creatures vanquished.

Vanquished Creatures (others)
  A kobold (D:4)
1 creature vanquished.

Grand Total: 70 creatures vanquished

Notes
Turn   | Place    | Note
-------+----------+-------------------------------------------
     0 | D:1      | growler the Demonspawn Wanderer began the quest for the
                  | Orb.
     0 | D:1      | growler set off with the following items: a +2 hand axe, a
                  | +0 cloak, a scroll of fog, a +0 robe; and the following
                  | spell memorised: Sting; and the following spells available
                  | to memorise: Spider Form.
     0 | D:1      | Reached XP level 1. HP: 15/15 MP: 2/2
    47 | D:1      | Found Leluumut's Antique Armour Boutique.
   233 | D:1      | Reached skill level 2 in Fighting
   237 | D:1      | Discovered your monstrous ancestry.
   237 | D:1      | Gained mutation: You have large cloven feet. [demonic
                  | ancestry]
   237 | D:1      | Reached XP level 2. HP: 18/22 MP: 3/3
   294 | D:1      | Found Zoykhal's Weapon Shoppe.
   528 | D:1      | Found Udameus's Antique Armour Shoppe.
   543 | D:1      | Found a faded altar of an unknown god.
   740 | D:1      | Found Vimoi's Antique Weapon Shop.
   812 | D:1      | Reached skill level 3 in Fighting
   950 | D:1      | Found Jod Guodivi's Magic Scroll Boutique.
  1136 | D:2      | Gained mutation: A meltable shield of frost defends you.
                  | (SH +4) [demonic ancestry]
  1136 | D:2      | Reached XP level 3. HP: 29/29 MP: 4/4
  1291 | D:2      | Found a radiant altar of Vehumet.
  1447 | D:2      | Noticed Jessica
  1457 | D:2      | Killed Jessica
  2317 | D:3      | Gained mutation: A meltable icy envelope protects you from
                  | harm. (AC +4) [demonic ancestry]
  2317 | D:3      | Reached XP level 4. HP: 35/37 MP: 5/5
  2350 | D:3      | Reached skill level 4 in Fighting
  2591 | D:3      | Found Ynta's Distillery.
  2760 | D:4      | Noticed a scorpion
  2779 | D:4      | Killed a scorpion
  2780 | D:4      | Reached skill level 5 in Fighting
  2780 | D:4      | Gained mutation: You have hoof-like feet. [demonic
                  | ancestry]
  2780 | D:4      | Reached XP level 5. HP: 41/44 MP: 6/6
  2820 | D:4      | Noticed a black bear
  3473 | D:5      | Entered Level 5 of the Dungeon
  3518 | D:5      | Reached skill level 6 in Fighting
  3518 | D:5      | Gained mutation: You regenerate magic rapidly. [demonic
                  | ancestry]
  3518 | D:5      | Reached XP level 6. HP: 51/52 MP: 7/7
  3719 | D:3      | Found a sacrificial altar of Ru.
  3864 | D:4      | Noticed an acid dragon
  4086 | D:4      | Killed from afar by an acid dragon

Illustrated notes

Levels and vault maps discovered:
D:1:      lightli_arrival_windingriver, layout_basic,
          ebering_ecumenical_altar_mist, serial_shops,
          nicolae_shop_overgrown_old_shop, shop, shop,
          nicolae_shop_behind_doors, shop
D:2:      layout_basic, basic_altar, serial_undead, serial_undead_c,
          serial_undead_d, serial_undead_c, serial_undead_f, serial_undead_a,
          serial_undead_c, grunt_decor_fettered, uniq_jessica
D:3:      layout_rooms, nicolae_overflow_hidden_temple, serial_shops, shop
D:4:      layout_basic, hangedman_feature_mirror, st_stairs_7
D:5:      layout_basic, minmay_temple_entry_butterflies, nrook_pool_corridor

Skill      XL: |  1  2  3  4  5 |
---------------+----------------+-----
Fighting       | 2 3 5 6 |  6.7
Axes           | |  2.6
Armour         | |  1.7
Dodging        | |  1.7
Spellcasting   | |  1.0
Poison Magic   | |  1.0

Action                   |  1- 3 |  4- 6 || total
-------------------------+-------+-------++-------
Melee: Hand axe          |    68 |   129 ||   197
       Kick              |    13 |    33 ||    46
       Punch             |       |     4 ||     4
 Cast: Sting             |     1 |       ||     1
  Use: Scroll            |       |     9 ||     9
Armor: Robe              |    12 |    85 ||    97
Dodge: Dodged            |    41 |    87 ||   128
Block: Other             |     6 |    27 ||    33
